 Dungeon Crawl Stone Soup version 0.30-a0-1053-gbd8d5ba0ad (webtiles) character file.

Game seed: 7048628764368541148

5270 ytrimaz the Transmogrifier (level 10, -7/84 HPs)
             Began as a Demigod Transmuter on Apr 11, 2023.
             Mangled by a yak (11 damage)
             ... on level 8 of the Dungeon.
             The game lasted 00:14:22 (9329 turns).

ytrimaz the Transmogrifier (Demigod Transmuter)     Turns: 9329, Time: 00:14:23

Health: -7/84      AC:  9    Str: 17    XL:     10   Next: 14%
Magic:  21/22      EV: 10    Int: 27    God:
Gold:   450        SH:  0    Dex: 14    Spells: 6/21 levels left

rFire   x . .      SeeInvis +      - Unarmed
rCold   + + +      Faith    .    (shield currently unavailable)
rNeg    . . .      Spirit   .    a - melded +0 robe
rPois   +          Reflect  .    p - melded +0 helmet
rElec   .          Rampage  .    A - melded +2 cloak
rCorr   .                        y - melded +2 pair of gloves of Yredelemnul, Bursting {Stlth+}
Will    +....                    (boots currently unavailable)
Stlth   +                        e - amulet of the acrobat
HPRegen 0.34/turn                m - +6 ring of strength
MPRegen 0.18/turn                w - ring of see invisible

@: ice-form
A: freezing attack, amphibious, boosted hp, large, high MP 1, forlorn, divine
attributes
a: End Transformation


You were on level 8 of the Dungeon.
You were a creature of crystalline ice.
You visited 1 branch of the dungeon, and saw 9 of its levels.

You collected 512 gold pieces.
You spent 62 gold pieces at shops.


Innate Abilities, Weirdness & Mutations

You are a creature of crystalline ice.
You have a powerful freezing melee attack.
You are amphibious.
Your maximum health is increased.
Your armour is entirely melded.
You are incapable of wielding weapons or throwing items.
You have an increased reservoir of magic. (+10% MP)
You shall have no god before yourself.
Your divine heritage dramatically boosts your attributes as you level up.


   Skills:
 - Level 0.8 Fighting
 - Level 1.7 Dodging
 * Level 6.4 Unarmed Combat
 - Level 6.0 Spellcasting
 + Level 4.9 Hexes
 - Level 10.0 Transmutations
 - Level 2.0 Ice Magic
 - Level 1.0 Poison Magic


You had 6 spell levels left.
You knew the following spells:

 Your Spells              Type           Power      Damage    Failure   Level
a - Beastly Appendage     Tmut           100%       N/A       1%          1
b - Wereblood             Tmut           58%        N/A       1%          2
c - Spider Form           Tmut/Pois      37%        N/A       1%          3
d - Ice Form              Ice/Tmut       40%        N/A       5%          4
e - Yara's Violent Unrav  Hex/Tmut       24%        3d11      9%          5

Your spell library contained the following spells:

 Spells                   Type           Power      Damage    Failure   Level
 Slow                     Hex            100%       N/A       1%          1
 Sting                    Tmut/Pois      100%       1d8       1%          1
 Confusing Touch          Hex            34%        N/A       2%          3
 Tukima's Dance           Hex            34%        N/A       2%          3
 Kiss of Death            Conj/Necr      32%        2d7       6%          1
 Necrotise                Necr           32%        1d5       6%          1
 Summon Small Mammal      Summ           32%        N/A       6%          1
 Summon Guardian Golem    Hex/Summ       21%        N/A       7%          3
 Poisonous Vapours        Pois/Air       20%        N/A       8%          2
 Scorch                   Fire           16%        2d6       10%         2
 Call Canine Familiar     Summ           8%         N/A       19%         3
 Vampiric Draining        Necr           8%         2d6       19%         3
 Olgreb's Toxic Radiance  Pois           13%        N/A       38%         4
 Passage of Golubria      Tloc           8%         N/A       54%         4
 Summon Lightning Spire   Summ/Air       8%         N/A       54%         4
 Silence                  Hex/Air        10%        N/A       54%         5
 Lehudib's Crystal Spear  Conj/Erth      4%         10d3      100%        8
 Fire Storm               Conj/Fire      4%         8d1       100%        9

Inventory:

Missiles
 D - 2 throwing nets
Armour
 a - a +0 robe (melded)
 c - a +1 cloak
   (You found it on level 5 of the Dungeon)
 p - a +0 helmet (melded)
   (You found it on level 3 of the Dungeon)
 r - a scarf of resistance
   (You found it on level 3 of the Dungeon)
 y - the +2 pair of gloves of Yredelemnul, Bursting (melded) {Stlth+}
   (You found it on level 5 of the Dungeon)

   Stlth:     It makes you more stealthy.
 A - a +2 cloak (melded)
   (You found it on level 7 of the Dungeon)
Jewellery
 e - an amulet of the acrobat (around neck)
   (You found it on level 1 of the Dungeon)
 m - a +6 ring of strength (left front paw)
   (You found it on level 3 of the Dungeon)
 w - a ring of see invisible (right front paw)
   (You found it on level 5 of the Dungeon)
 C - a +5 ring of evasion
   (You found it on level 7 of the Dungeon)
Wands
 d - a wand of polymorph (10)
   (You took it off Pikel on level 6 of the Dungeon)
 u - a wand of acid (14)
   (You found it on level 7 of the Dungeon)
 F - a wand of roots (7)
   (You found it on level 8 of the Dungeon)
 H - a wand of paralysis (5)
   (You found it on level 8 of the Dungeon)
Scrolls
 h - a scroll of torment
 j - 2 scrolls of amnesia
 k - a scroll of enchant armour
 n - 3 scrolls of teleportation
 q - 4 scrolls of fog
 x - 4 scrolls of vulnerability
Potions
 b - 2 potions of haste
 f - 4 potions of degeneration {unknown}
 g - 2 potions of heal wounds
 i - 3 potions of flight
 l - 2 potions of lignification
 o - 3 potions of mutation
 s - a potion of ambrosia {unknown}
 t - a potion of invisibility {unknown}
 v - a potion of might
 z - 4 potions of curing
 G - a potion of brilliance {unknown}

Dungeon Overview and Level Annotations

Branches:
Dungeon (9/15) Zot: 26981  Temple (0/1) D:4            Lair (0/5) D:8
    Orc: D:9-12

Shops:
D:2 *=*[ D:4

* #...#....#
####...#.##.#
.......#..#.#
###.#....<#.#
#.#####.#.#
#....#..#.#
######.#.##.#
#....#.#....######
...............YY#
..............##Y#
.##..............#
####...........#.#
####...........#.#
$$###.........##.#
b$####.[.........#
$### ########.####
##.# ########.#


You could see 2 yaks.


Message History

Unknown command.
Your butterfly disappears in a burst of colours!
You start waiting.
Your butterfly disappears in a burst of colours! x3
Done waiting.
Done exploring.
Done exploring.
Unknown command.
There is a stone staircase leading down here.
You climb downwards.
The yak bellows! x2; You hear a bellow! x2; You hear a shout! x2
There is a stone staircase leading up here.
Unknown command.
Casting: Wereblood (safe; 1% risk of failure)
Confirm with . or Enter, or press ? or * to list all spells.
You turn into a creature of crystalline ice.
Your +2 cloak melds into your body.
Your +0 helmet melds into your body.
The +2 pair of gloves of Yredelemnul, Bursting {Stlth+} melds into your body.
Your +0 robe melds into your body.
The yak bellows!
A yak comes into view. 😎 HP[+14] MP[-4]
You now have 84 max hp (+14).
Your hp is fully restored (84).
You lost 4 mp, and now have 18/22 mp.
The yak bellows!
You pummel the yak!! You freeze the yak. You pummel the yak!!
You freeze the yak.
You kill the yak!
Unknown command.
You punch the yak! You freeze the yak.
A yak comes into view.
You punch the yak! You freeze the yak. The yak barely misses you.
The yak gores you!
A yak comes into view. 😕 HP[-7]
You take 7 damage, and now have 77/84 hp.
You punch the yak! You freeze the yak. The yak gores you but does no damage.
The yak closely misses you.
You hit the yak but do no damage. The yak closely misses you. x2
The yak gores you! 😕 HP[-10] MP[+1]
You take 10 damage, and now have 67/84 hp.
You punch the yak! You freeze the yak.
You kill the yak!
The yak gores you but does no damage. The yak closely misses you. 😕 HP[+1]
The yak gores you but does no damage. The yak closely misses you.
The yak gores you.
You climb upwards.
There is a stone staircase leading down here. 😕 HP[-3]
You take 3 damage, and now have 65/84 hp.
Unknown command.
You punch the yak! You freeze the yak. The yak misses you.
The yak gores you but does no damage. 😕 HP[+1]
You completely miss the yak. The yak gores you. x2 😮 HP[-4] MP[+1]
You take 4 damage, and now have 62/84 hp.
You are too injured to fight recklessly!
You are too injured to fight recklessly!
You are too injured to fight recklessly!
You are too injured to fight recklessly!
You are too injured to fight recklessly!
You are too injured to fight recklessly!
You are too injured to fight recklessly!
You are too injured to fight recklessly!
You are too injured to fight recklessly!
You are too injured to fight recklessly!
You pummel the yak!! You freeze the yak!
You kill the yak!
The yak misses you.
You hit the yak but do no damage. 😮 HP[+1] Unknown command.
You hit the yak. You freeze the yak. The yak gores you! x2 😮 HP[-18]
You take 18 damage, and now have 45/84 hp.
MASSIVE DAMAGE!! (PAUSE)
You punch the yak! You freeze the yak. The yak closely misses you.
The yak gores you!
* * * LOW HITPOINT WARNING * * *
😨 HP[-8]
You take 8 damage, and now have 37/84 hp.
You hit the yak but do no damage. The yak gores you!
* * * LOW HITPOINT WARNING * * *
The yak gores you!
* * * LOW HITPOINT WARNING * * *
😱 HP[-16]
You take 16 damage, and now have 21/84 hp.
You hit the yak. You freeze the yak. The yak gores you.
* * * LOW HITPOINT WARNING * * *
The yak gores you!
* * * LOW HITPOINT WARNING * * *
😱 HP[-16] MP[+1]
You take 16 damage, and now have 5/84 hp.
You hit the yak. You freeze the yak. The yak gores you.
* * * LOW HITPOINT WARNING * * *
The yak gores you!
You die...

Skill      XL: |  1  2  3  4  5  6  7  8  9 10 |
---------------+-------------------------------+-----
Transmutations | 2 3 4 6 8 10 | 10.0
Ice Magic      | 1 2 |  2.0
Spellcasting   | 2 3 5 6 |  6.0
Poison Magic   | 1 |  1.0
Hexes          | 4 |  4.9
Unarmed Combat | 5 6 |  6.4
Fighting       | |  0.8
Dodging        | |  1.7

Action                     |  1- 3 |  4- 6 |  7- 9 | 10-12 || total
---------------------------+-------+-------+-------+-------++-------
  Melee: Unarmed           |   128 |   191 |   293 |    27 ||   639
         Kick              |    27 |    13 |       |       ||    40
         Headbutt          |    13 |     7 |       |       ||    20
         Punch             |     3 |     3 |       |       ||     6
   Cast: Beastly Appendage |    19 |    17 |       |       ||    36
         Wereblood         |     1 |     3 |    13 |       ||    17
         Spider Form       |       |    10 |     2 |       ||    12
         Ice Form          |       |     3 |    26 |     1 ||    30
    Use: Potion            |     1 |     2 |     1 |     1 ||     5
         Scroll            |       |     9 |     6 |     3 ||    18
   Stab: Sleeping          |     1 |     3 |       |       ||     4
 Armour: Robe              |    36 |    13 |     1 |       ||    50
         Skin              |    19 |     7 |   109 |     5 ||   140
  Dodge: Dodged            |   122 |   148 |   218 |    16 ||   504

Levels and vault maps discovered:
D:1:      minmay_arrival_loop, layout_rooms, hellmonk_ecumenical_altar_zigzags
D:2:      minmay_recursive_quarters, layout_loops_ring, serial_shops,
          nicolae_square_shop, shop, nicolae_shop_stone, shop, minmay_circled_x
D:3:      layout_loops_corners, nemelex_dance_club_becter,
          kennysheep_jessica_study
D:4:      layout_gridville, mainiacjoe_overflow_concentric_impassable,
          minmay_temple_entry_slanted, serial_shops,
          nicolae_shop_advertising_works [nicolae_subvault_shop_adworks],
          minmay_between, uniq_robin
D:5:      layout_cave_pods, hangedman_decor_clover_reticule
D:6:      layout_basic, minmay_misc_feat_four_crosses, minmay_misc_feat_encased,
          kennysheep_generic_room_3, uniq_pikel
D:7:      layout_basic, fiery_altar_vehumet, enter_bailey_2,
          corexii_item_surrounded_by_moat, nrook_loot_triangle
D:8:      minmay_s_stair_smasher, layout_basic, zin_treasury,
          dreamdust_princess_corridor, uniq_grum
D:9:      statuecave_lemuel, layout_cave_pools, amethyst_overflow_temple_binary,
          minmay_misc_feat_nine_boxes

Notes
Turn   | Place    | Note
-------+----------+-------------------------------------------
     0 | D:1      | ytrimaz the Demigod Transmuter began the quest for the Orb.
     0 | D:1      | Reached XP level 1. HP: 15/15 MP: 5/5
     0 | D:1      | magus.rc [v1.9.6]
   116 | D:1      | Reached XP level 2. HP: 19/22 MP: 7/7
   136 | D:1      | Reached skill level 2 in Transmutations
   139 | D:1      | Reached skill level 1 in Ice Magic
   159 | D:1      | HP: 8/33 [jackal (2)]
   160 | D:1      | Reached skill level 2 in Spellcasting
   520 | D:1      | Reached skill level 1 in Poison Magic
   520 | D:1      | Reached XP level 3. HP: 27/27 MP: 6/8
   526 | D:1      | Learned a level 2 spell: Wereblood
   530 | D:1      | Learned a level 3 spell: Spider Form
   890 | D:2      | Reached skill level 2 in Ice Magic
  1083 | D:2      | Reached XP level 4. HP: 33/34 MP: 8/10
  1127 | D:2      | Found Vautunag's Jewellery Emporium.
  1177 | D:2      | You pick up a book of Debilitation and begin reading...
  1177 | D:2      | You add the spells Slow, Vampiric Draining and Confusing
                  | Touch to your library.
  1224 | D:2      | Found Urhaez's General Store.
  1237 | D:2      | Bought a scroll of identify for 20 gold pieces
  1297 | D:2      | You add the spells Tukima's Dance, Passage of Golubria and
                  | Yara's Violent Unravelling to your library.
  1331 | D:2      | Found Poenk's Assorted Antiques.
  1343 | D:2      | magus.rc [v1.9.6]
  1549 | D:2      | You add the spells Sting, Poisonous Vapours and Olgreb's
                  | Toxic Radiance to your library.
  1687 | D:2      | Identified the +0 spear "Arosenn" {protect, rF+ rCorr
                  | Str+2}
  1763 | D:2      | Found Awesaum's Antique Armour Shop.
  1807 | D:3      | Noticed Jessica
  1820 | D:3      | Killed Jessica
  1821 | D:3      | Reached skill level 3 in Spellcasting
  1821 | D:3      | Reached skill level 3 in Transmutations
  1833 | D:3      | You add the spells Kiss of Death and Necrotise to your
                  | library.
  1833 | D:3      | Got Jessica's Textbook on Evil
  2052 | D:3      | Reached XP level 5. HP: 21/39 MP: 5/12
  2726 | D:3      | Learned a level 4 spell: Ice Form
  3140 | D:4      | Noticed Robin
  3151 | D:4      | Killed Robin
  3184 | D:4      | Found Osobb's General Store.
  3198 | D:4      | Bought a scroll of teleportation for 42 gold pieces
  3532 | D:4      | Found a staircase to the Ecumenical Temple.
  3540 | D:4      | Reached XP level 6. HP: 41/46 MP: 10/15
  3618 | D:4      | Reached skill level 4 in Spellcasting
  3781 | D:5      | Entered Level 5 of the Dungeon
  3817 | D:5      | Reached skill level 4 in Transmutations
  4136 | D:5      | Reached skill level 5 in Spellcasting
  4136 | D:5      | Reached XP level 7. HP: 45/51 MP: 4/18
  4230 | D:5      | You pick up a book of Callings and begin reading...
  4230 | D:5      | You add the spells Summon Small Mammal, Call Canine
                  | Familiar and Summon Guardian Golem to your library.
  4340 | D:5      | Identified the staff of death "Vitranne" {Fly rN+ Stlth+}
  4740 | D:5      | Identified the +2 pair of gloves of Yredelemnul, Bursting
                  | {Stlth+}
  4930 | D:6      | Noticed Pikel
  4953 | D:6      | Killed Pikel
  4954 | D:6      | Reached skill level 6 in Spellcasting
  4954 | D:6      | Reached skill level 6 in Transmutations
  4954 | D:6      | Reached XP level 8. HP: 31/58 MP: 18/20
  5202 | D:6      | Reached skill level 7 in Transmutations
  5345 | D:6      | magus.rc [v1.9.6]
  5926 | D:6      | Learned a level 5 spell: Yara's Violent Unravelling
  6070 | D:7      | Reached skill level 1 in Hexes
  6289 | D:7      | Reached skill level 2 in Hexes
  6406 | D:7      | Reached skill level 3 in Hexes
  6406 | D:7      | Reached skill level 8 in Transmutations
  6805 | D:7      | Reached skill level 4 in Hexes
  6805 | D:7      | Reached XP level 9. HP: 63/63 MP: 21/21
  7381 | D:8      | Reached skill level 3 in Unarmed Combat
  7381 | D:8      | Reached skill level 9 in Transmutations
  7444 | D:8      | Found a staircase to the Lair.
  7515 | D:8      | You pick up a book of the Moon and begin reading...
  7515 | D:8      | You add the spells Silence and Lehudib's Crystal Spear to
                  | your library.
  7904 | D:8      | Reached skill level 4 in Unarmed Combat
  7905 | D:8      | HP: 18/75 [orc/+0 club (5)]
  8105 | D:8      | Reached skill level 10 in Transmutations
  8147 | D:8      | Identified the +6 spear of Upruirph {heavy, rElec rC+
                  | Str-3}
  8152 | D:8      | Reached skill level 5 in Unarmed Combat
  8283 | D:8      | You add the spells Scorch, Summon Lightning Spire and Fire
                  | Storm to your library.
  8283 | D:8      | Got Sif Muna's Incunabulum of the Phantasmal Bonfire
  8364 | D:8      | Noticed Grum
  8562 | D:8      | HP: 17/75 [gnoll sergeant/+0 spear (5)]
  8567 | D:8      | HP: 14/75 [poisoned by a water moccasin]
  8908 | D:8      | Reached XP level 10. HP: 42/70 MP: 17/22
  8910 | D:8      | HP: 20/84 [wolf[Grum] (3)]
  8917 | D:8      | HP: 18/84 [Grum/+0 spear (8)]
  8920 | D:8      | Killed Grum
  8921 | D:8      | Reached skill level 6 in Unarmed Combat
  9327 | D:8      | HP: 21/84 [yak (7)]
  9328 | D:8      | HP: 5/84 [yak (12)]
  9329 | D:8      | Mangled by a yak

Vanquished Creatures
  Pikel (D:6)
  A troll (D:7)
  3 yaks
  2 wraiths
  Grum (D:8)
  A steam dragon (D:8)
  6 water moccasins
  2 orc warriors (D:8)
  An ice beast (D:7)
  3 centaurs
  3 ogres
  4 wolves (D:8)
  2 lemures (D:6)
  A phantom (D:3)
  A kobold brigand (D:7)
  5 bullfrogs
  2 gnoll sergeants
  8 wights
  2 howler monkeys
  2 hounds
  2 jellies (D:7)
  An orc priest (D:8)
  A gnoll bouda (D:8)
  4 iguanas
  Jessica (D:3)
  A sleepcap (D:7)
  7 orc wizards
  Robin (D:4)
  5 gnolls (D:7)
  9 adders
  3 shadow imps
  4 white imps
  An ufetubus (D:6)
  A worm (D:2)
  5 dart slugs
  14 orcs
  10 ball pythons
  11 endoplasms
  6 giant cockroaches
  13 goblins
  12 hobgoblins
  4 jackals (D:1)
  15 kobolds
  7 quokkas
  3 bats
  7 frilled lizards
  7 rats
206 creatures vanquished.

Table legend:
 A = Non-vault XP
 B = Vault XP
 C = Vault XP percentage of total XP
 D = Non-vault monster count
 E = Vault monster count
 F = Vault count percentage of total count
                 A         B        C        D         E       F
            +---------+---------+-------+---------+---------+-------
      Total |    4700 |    2829 |  37.6 |     157 |      47 |  23.0
            +---------+---------+-------+---------+---------+-------
        D:1 |      52 |       0 |   0.0 |      29 |       0 |   0.0
        D:2 |      97 |      26 |  21.1 |      27 |       9 |  25.0
        D:3 |     140 |      44 |  23.9 |      14 |       4 |  22.2
        D:4 |     113 |      38 |  25.2 |      10 |      13 |  56.5
        D:5 |     485 |       0 |   0.0 |      16 |       0 |   0.0
        D:6 |     686 |     617 |  47.4 |      14 |       1 |   6.7
        D:7 |    1517 |       0 |   0.0 |      29 |       0 |   0.0
        D:8 |    1195 |    2104 |  63.8 |      16 |      20 |  55.6
        D:9 |     415 |       0 |   0.0 |       2 |       0 |   0.0
            +---------+---------+-------+---------+---------+-------

Illustrated notes

Table legend:
 A = Kills in this place as a percentage of kills in the entire game.
 B = Kills by you in this place as a percentage of kills by you in the entire game.
 C = Kills by friends in this place as a percentage of kills by friends in the entire game.
 D = Other kills in this place as a percentage of other kills in the entire game.
 E = Experience gained in this place as a percentage of experience gained in the entire game.
 F = Experience gained in this place divided by the number of levels of this place that you have seen.
                   A       B       C       D       E      F
               +-------+-------+-------+-------+-------+----------------------
         Total | 100.0 | 100.0 |   N/A |   N/A | 100.0 | 836.6
       Dungeon | 100.0 | 100.0 |   N/A |   N/A | 100.0 | 836.6
               +-------+-------+-------+-------+-------+----------------------

Table legend: (Time is in decaauts)
 A = Elapsed time spent in this place.
 B = Non-inter-level travel time spent in this place.
 C = Inter-level travel time spent in this place.
 D = Time resting spent in this place.
 E = Time spent auto-exploring this place.
 F = Levels seen in this place.
 G = Mean time per level.
                   A        B        C        D        E       F      G
               +--------+--------+--------+--------+--------+-----+--------+
         Total |   9282 |   8932 |    350 |    353 |   6978 |   9 | 1031.3 |
       Dungeon |   9282 |   8932 |    350 |    353 |   6978 |   9 | 1031.3 |
               +--------+--------+--------+--------+--------+-----+--------+

Top non-repeatable levels by time:
     D:8: 2026 daAuts
     D:3: 1343 daAuts
     D:7: 1320 daAuts
     D:2: 1090 daAuts
     D:6: 1086 daAuts
     D:5: 1074 daAuts
     D:1: 684 daAuts
     D:4: 646 daAuts
     D:9: 9 daAuts
